 Dungeon Crawl Stone Soup version 0.26.1-10-gdfb7c7de75 (webtiles) character file.

Game seed: 18317063874530860671

4273 sankara the Cleaver (level 10, -6/77 HPs)
             Began as a Hill Orc Fighter on Apr 4, 2021.
             Was an Initiate of Gozag.
             Mangled by an orc warrior (14 damage)
             ... in a bailey.
             The game lasted 00:22:53 (10260 turns).

sankara the Cleaver (Hill Orc Fighter)             Turns: 10260, Time: 00:22:54

Health: -6/77      AC: 12    Str: 20    XL:     10   Next: 31%
Magic:  19/19      EV:  9    Int:  8    God:    Gozag
Gold:   669        SH: 11    Dex: 13    Spells: 9/9 levels left

rFire    + . .     SeeInvis .   a - +1 war axe
rCold    + . .     Faith    .   c - +0 kite shield
rNeg     . . .     Spirit   .   P - +1 swamp dragon scales
rPois    +         Reflect  .   (no helmet)
rElec    +         Harm     .   (no cloak)
rCorr    +         Rampage  .   p - +0 pair of gloves
Will     .....                  (no boots)
Stlth    ++........             (no amulet)
HPRegen  0.22/turn              D - ring of magical power
MPRegen  0.16/turn              H - ring of stealth

@: mighty, resistant, hasted, very quick
A: no striking features
a: Renounce Religion, Potion Petition, Call Merchant, Bribe Branch


You were in a bailey.
You worshipped Gozag.
Gozag was pleased with you.
You visited 1 branch of the dungeon, and saw 8 of its levels.
You also visited: Bailey.

You collected 1539 gold pieces.
You paid 870 gold pieces to Gozag.

Inventory:

Hand Weapons
 a - a +1 war axe (weapon)
 b - a +0 spear
 n - a +2 dagger of venom
 u - a +0 hand axe of electrocution
 v - a +0 arbalest
 w - a +1 dagger of electrocution
Missiles
 e - 278 stones (quivered)
 f - 3 throwing nets
 o - 17 sling bullets
 s - 189 bolts
 t - 17 boomerangs
Armour
 c - a +0 kite shield (worn)
 p - a +0 pair of gloves (worn)
 x - a +3 leather armour
 B - the +1 scale mail "Fuygistei" {rPois Will+ Int+4}
   (You found it on level 4 of the Dungeon)

   It affects your intelligence (+4).
   It protects you from poison.
   It affects your willpower, your defense against some magical effects.
 O - a +2 chain mail of poison resistance
 P - +1 swamp dragon scales (worn)
 R - a +0 scale mail
Jewellery
 D - a ring of magical power (left hand)
 H - a ring of stealth (right hand)
Wands
 l - a wand of random effects (13)
 E - a wand of paralysis (8)
 G - a wand of flame (29)
 N - a wand of enslavement (4)
Scrolls
 g - 3 scrolls of teleportation
 h - 2 scrolls of enchant armour
 q - 2 scrolls of fog
 r - 2 scrolls of fear
 y - 4 scrolls of amnesia
 C - a scroll of enchant weapon
 F - 3 scrolls of remove curse
 I - a scroll of blinking
Potions
 d - 2 potions of might
 i - a potion of berserk rage
 j - a potion of lignification
 k - a potion of brilliance
 m - 2 potions of flight
 z - 2 potions of curing
 A - 4 potions of cancellation
 J - a potion of invisibility {unknown}
 L - a potion of ambrosia {unknown}
 M - 2 potions of heal wounds {unknown}


   Skills:
 - Level 3.6 Fighting
 * Level 13.3 Axes
 + Level 8.7 Armour
 + Level 8.7 Shields


You had 9 spell levels left.
You didn't know any spells.
Your spell library was empty.

Dungeon Overview and Level Annotations

Branches:
Dungeon (8/15)             Temple (0/1) D:6          Bailey (1/1)
   Lair: D:8-11

Altars:
Ashenzari
Cheibriados
Dithmenos
Gozag
Hepliaklqana
Makhleb
Nemelex Xobeh
The Shining One

Annotations:
D:5 1 runed translucent door, Torikoriko's ghost, weakling PaDe


Message History

The orc warrior is severely wounded.
The orc warrior hits you!
* * * LOW HITPOINT WARNING * * *
You completely miss the orc warrior.
The orc warrior is severely wounded.
The orc shoots a bolt.
You block the bolt.
Unknown command.
You block the orc warrior's attack.
You closely miss the orc warrior.
The orc warrior is severely wounded.
You hit the orc.
The orc unwields a +0 arbalest.
You block the orc's attack. You block the orc warrior's attack.
You hit the orc warrior.
The orc warrior is almost dead.
You closely miss the orc. You closely miss the orc warrior.
The orc warrior is almost dead.
You hit the orc but do no damage. The orc warrior hits you!
You die...
Your body crumbles into a pile of gold.

≈≈# ##≈≈≈≈≈≈≈≈≈≈......#
≈≈#######≈≈≈≈≈≈#.#≈≈......#
≈≈≈≈≈≈)≈≈≈≈≈≈≈#∩.##≈......#
≈≈≈≈≈≈≈≈≈≈≈≈≈≈..^..≈......#
≈≈≈≈≈≈≈≈≈≈≈≈≈≈##.##≈......#
≈≈≈≈≈≈≈≈≈≈≈≈≈≈≈#.#≈≈......#
≈≈≈≈≈≈≈≈≈≈≈≈≈≈≈≈≈≈≈≈......#
......)..........o........#
................@.........#
...........(.(((o.........#
..........................#
).........................#
.........................∩#
###########################


You could see an orc warrior and an orc.

Vanquished Creatures
  Maggie (D:7)
  A hornet (D:8)
  Prince Ribbit (D:6)
  Grinder (D:6)
  Menkaure (D:7)
  Edmund (D:6)
  A water moccasin (D:7)
  7 orc warriors
  An ice beast (D:7)
  2 sky beasts
  A black bear (D:3)
  2 centaurs
  5 ogres
  A big kobold (D:7)
  Blork the orc (D:4)
  A water moccasin skeleton (D:6)
  2 scorpions
  2 howler monkeys
  A bullfrog zombie (D:7)
  2 jellies (D:5)
  Crazy Yiuf (D:4)
  3 orc priests
  2 bullfrog skeletons
  3 hounds
  3 iguanas
  5 orc wizards
  Natasha (thrice) (D:4)
  3 worker ants
  A howler monkey zombie (D:5)
  4 gnolls (D:5)
  10 adders
  3 shadow imps
  2 white imps (D:5)
  An ufetubus (D:8)
  3 oozes
  An adder skeleton (D:5)
  2 adder zombies
  6 worms
  3 dart slugs (D:1)
  2 leopard geckos
  41 orcs
  6 giant cockroaches
  6 goblins
  7 hobgoblins
  16 jackals
  2 quokkas
  9 bats
  4 frilled lizards
  A jackal skeleton (D:4)
  13 kobolds
  A quokka skeleton (D:4)
  8 rats
210 creatures vanquished.

Notes
Turn   | Place    | Note
-------+----------+-------------------------------------------
     0 | D:1      | sankara the Hill Orc Fighter began the quest for the Orb.
     0 | D:1      | Reached XP level 1. HP: 19/19 MP: 1/1
   125 | D:1      | Reached skill level 3 in Axes
   141 | D:1      | Reached XP level 2. HP: 24/26 MP: 2/2
   408 | D:1      | Reached XP level 3. HP: 31/31 MP: 3/3
   450 | D:1      | Reached skill level 4 in Axes
  1175 | D:2      | Reached XP level 4. HP: 39/39 MP: 4/4
  1476 | D:2      | Found a faded altar of an unknown god.
  1535 | D:2      | Became a worshipper of Gozag Ym Sagoz the Greedy
  2035 | D:3      | Reached skill level 5 in Axes
  2173 | D:3      | Noticed a black bear
  2184 | D:3      | Reached XP level 5. HP: 42/45 MP: 5/5
  2189 | D:3      | Killed a black bear
  2295 | D:3      | Reached skill level 6 in Axes
  2295 | D:3      | Reached XP level 6. HP: 40/51 MP: 6/6
  2404 | D:3      | Found a broken altar of Ashenzari.
  2589 | D:3      | Found a sparkling altar of Nemelex Xobeh.
  2805 | D:4      | Noticed Blork the orc
  2809 | D:4      | Noticed Natasha
  2815 | D:4      | Killed Blork the orc
  2825 | D:4      | Killed Natasha
  3065 | D:4      | Reached skill level 5 in Armour
  3117 | D:4      | Found a hazy altar of Hepliaklqana.
  3146 | D:4      | Reached skill level 7 in Axes
  3146 | D:4      | Reached skill level 5 in Shields
  3146 | D:4      | Reached XP level 7. HP: 43/57 MP: 7/7
  3282 | D:4      | Noticed Natasha
  3294 | D:4      | Killed Natasha
  3326 | D:4      | Noticed Natasha
  3331 | D:4      | Killed Natasha
  3447 | D:4      | Got a twisted scale mail
  3461 | D:4      | Identified the cursed +1 scale mail "Fuygistei" {rPois
                  | Will+ Int+4} (You found it on level 4 of the Dungeon)
  3761 | D:4      | Found a snail-covered altar of Cheibriados.
  3936 | D:4      | Found a runed translucent door.
  3937 | D:4      | Noticed Crazy Yiuf
  3982 | D:4      | Killed Crazy Yiuf
  4048 | D:5      | Entered Level 5 of the Dungeon
  4062 | D:5      | Found a runed translucent door.
  4062 | D:5      | Noticed Torikoriko's ghost (weakling PaDe)
  4311 | D:5      | Reached skill level 8 in Axes
  4860 | D:5      | Reached XP level 8. HP: 45/64 MP: 8/8
  5190 | D:5      | Found a shadowy altar of Dithmenos.
  5319 | D:5      | Reached skill level 9 in Axes
  5596 | D:6      | Noticed Grinder
  6045 | D:6      | Killed Grinder
  6046 | D:6      | Reached skill level 10 in Axes
  6111 | D:6      | Noticed Prince Ribbit
  6397 | D:6      | Found a staircase to the Ecumenical Temple.
  6577 | D:6      | Killed Prince Ribbit
  6578 | D:6      | Reached XP level 9. HP: 46/70 MP: 9/9
  6591 | D:6      | Noticed Edmund
  6598 | D:6      | Killed Edmund
  6794 | D:6      | Reached skill level 11 in Axes
  7191 | D:7      | Noticed Maggie
  7508 | D:7      | Killed Maggie
  7660 | D:7      | Reached skill level 12 in Axes
  7815 | D:7      | Found a glowing golden altar of the Shining One.
  7816 | D:7      | Found a burning altar of Makhleb.
  8181 | D:7      | Noticed Menkaure
  8186 | D:7      | Killed Menkaure
  8187 | D:7      | Reached XP level 10. HP: 77/77 MP: 10/10
  8884 | D:8      | Reached skill level 13 in Axes
  8911 | D:8      | Found a flagged portal.
  8956 | Bailey   | Entered a bailey
 10252 | Bailey   | HP: 1/77 [orc/bolt (9)]
 10260 | Bailey   | Mangled by an orc warrior

Illustrated notes

Levels and vault maps discovered:
D:1:      scummos_arrival_checkerplants, layout_loops_ring,
          chequers_serial_rivers_micro_a
D:2:      layout_loops_ring, chequers_ecumenical_altar_grove
D:3:      layout_rooms, marbit_many_paths, lemuel_altar_in_water
D:4:      layout_basic, cheibriados_altar_1, kennysheep_mini_moat,
          corexii_item_surrounded_by_moat, uniq_natasha, uniq_blork_the_orc,
          uniq_crazy_yiuf_cottage
D:5:      layout_basic, grunt_dithmenos_smoke, hellmonk_ghost_happy_afterlife
D:6:      layout_basic, minmay_temple_entry_grid, uniq_prince_ribbit1,
          uniq_grinder, uniq_edmund
D:7:      layout_basic, gammafunk_temple_overflow_statue,
          grunt_decor_mini_mirrors, uniq_maggie, uniq_menkaure
D:8:      layout_gridville, enter_bailey_2
Bailey:   bailey_polearm_2, bailey

Skill      XL: |  1  2  3  4  5  6  7  8  9 10 |
---------------+-------------------------------+-----
Axes           | 3 4 5 6 7 8 10 12 13 | 13.3
Armour         | 4 5 7 8 |  8.7
Shields        | 4 5 7 8 |  8.7
Fighting       | |  3.6

Action                   |  1- 3 |  4- 6 |  7- 9 | 10-12 || total
-------------------------+-------+-------+-------+-------++-------
Melee: War axe           |    95 |    76 |       |    47 ||   218
       Hand axe          |       |    60 |   329 |    65 ||   454
       Spear             |       |       |       |   106 ||   106
Invok: Potion Petition   |       |       |       |     1 ||     1
  Use: Scroll            |       |       |    11 |     7 ||    18
 Stab: Distracted        |       |       |     2 |     2 ||     4
Armor: Scale mail        |    42 |    79 |    81 |       ||   202
       Leather armour    |       |     2 |     1 |       ||     3
       Swamp dragon scal |       |       |     4 |    52 ||    56
Dodge: Dodged            |    32 |    50 |    56 |    63 ||   201
Block: Kite shield       |    48 |    68 |   133 |   115 ||   364
